 Dungeon Crawl Stone Soup version 0.27.1-35-g4d5d836560 (console) character file.

Game seed: 11231325814278353912

28 Faeu the Stinger (level 3, 0/19 HPs)
             Began as a Tengu Venom Mage on May 17, 2022.
             Succumbed to an adder's poison
             ... on level 2 of the Dungeon.
             The game lasted 00:03:11 (1477 turns).

Faeu the Stinger (Tengu Venom Mage)                 Turns: 1477, Time: 00:03:12

Health: 0/19       AC:  2    Str:  8    XL:     3   Next: 14%
Magic:  5/7        EV: 13    Int: 16    God:
Gold:   46         SH:  0    Dex: 14    Spells: 5/6 levels left

rFire    + . .     SeeInvis .   b - +0 dagger {short}
rCold    + . .     Faith    .   (no shield)
rNeg     . . .     Spirit   .   a - +0 robe
rPois    +         Reflect  .   (helmet restricted)
rElec    +         Harm     .   (no cloak)
rCorr    +         Rampage  .   (no gloves)
Will     .....                  (boots unavailable)
Stlth    ++........             (no amulet)
HPRegen  0.06/turn              (no ring)
MPRegen  0.10/turn              (no ring)

@: lethally poisoned (0 -> -2), resistant
A: beak, talons 3
a: no special abilities


You were on level 2 of the Dungeon.
You visited 1 branch of the dungeon, and saw 2 of its levels.

You collected 46 gold pieces.


Innate Abilities, Weirdness & Mutations

You have a beak for a mouth.
You have claws for feet.


   Skills:
 + Level 2.9 Dodging
 + Level 2.6 Stealth
 - Level 2.0 Spellcasting
 - Level 0.7 Transmutations
 + Level 3.4 Poison Magic


You had 5 spell levels left.
You knew the following spells:

 Your Spells              Type           Power      Damage    Failure   Level
a - Sting                 Tmut/Pois      32%        1d4       9%          1

Your spell library contained the following spells:

 Spells                   Type           Power      Damage    Failure   Level
 Poisonous Vapours        Pois/Air       14%        N/A       16%         2
 Mephitic Cloud           Conj/Pois/Air  5%         N/A       36%         3
 Olgreb's Toxic Radiance  Pois           12%        N/A       45%         4

Inventory:

Hand Weapons
 b - a +0 dagger (weapon) {short}
   (You took it off a kobold on level 1 of the Dungeon)
 d - a +0 dagger {short}
   (You took it off a goblin on level 1 of the Dungeon)
 e - a +0 short sword {short}
   (You took it off a kobold on level 1 of the Dungeon)
 f - a +0 club {mace}
   (You took it off a goblin on level 1 of the Dungeon)
Missiles
 c - 6 stones {throwing}
 j - 21 arrows
Armour
 a - a +0 robe (worn)
Scrolls
 g - a scroll of teleportation {unknown}
 i - a scroll of fear {unknown}
 k - a scroll of noise {unknown}

Dungeon Overview and Level Annotations

Branches:
Dungeon (2/15)

Altars:

....# ###...###
### #.......#
#.. ...?... #.#
..... #.# #...#
##.# #...#
##..# #.#
##.#.## #K#
##.###.######@#
#.## ##.......#
##.###.#.######
##.#.##.#
##<###.# #.#
#.# #.# #.# #.#
#.# #.# #.# #.#
#.# #.# #..


You could see a kobold.


Message History

You hit the goblin.
You kill the goblin!
Your magical contamination has completely faded away. 😮 MP[+1]
Your mp is fully restored (6).
You start resting.
HP restored. 😎 HP[+7]
You see here a +0 dagger {short}.
k - a scroll labelled LUWKAO EJISO No target in view!
A rat comes into view.
A rat is nearby!
A rat is nearby!
A rat is nearby!
A rat is nearby!
The sting hits the rat.
The rat is poisoned.
You kill the rat! 😎 MP[-1]
You lost 1 mp, and now have 5/6 mp.
No target in view!
Magic restored.
You see here a +0 robe.
There is a stone staircase leading down here.
You see here a +0 short sword {short}.
Done exploring. 😎 MP[+1]
Your mp is fully restored (6).
(D) Dungeon
Where to? (? - help)
There is an open door here.
There is a stone staircase leading down here.
You climb downwards.
There is a stone staircase leading up here.
No target in view!
There is a stone staircase leading up here.
An adder comes into view.
A kobold comes into view. It is wielding a +0 club.
The adder closely misses you.
The sting hits the adder.
The adder is poisoned.
The kobold shouts!
The adder bites you. x2 😮 HP[-7] MP[-1]
You take 7 damage, and now have 8/15 hp.
MASSIVE DAMAGE!! (PAUSE)
You lost 1 mp, and now have 5/6 mp.
You are too injured to fight recklessly!
You barely miss the adder. Your kick misses the adder.
The adder closely misses you.
You hit the adder but do no damage. Your peck misses the adder.
The adder closely misses you.
You hit the adder. The adder bites you.
* * * LOW HITPOINT WARNING * * *
You are lethally poisoned!
The adder poisons you! The adder bites you.
* * * LOW HITPOINT WARNING * * *
😨 HP[-3]
You take 3 damage, and now have 5/15 hp.
It was a potion of resistance.
You feel protected.
* * * LOW HITPOINT WARNING * * *
You feel sick.
You kill the adder!
You have reached level 3!
Your experience leads to an increase in your attributes!
Increase (S)trength, (I)ntelligence, or (D)exterity?
You feel clever. 😱 HP[-1]
You now have 19 max hp (+4).
You hit the kobold but do no damage. Your kick misses the kobold.
* * * LOW HITPOINT WARNING * * *
You feel sick.
The kobold hits you but does no damage. 😱 HP[-1]
You take 1 damage, and now have 3/19 hp.
You are too injured to fight recklessly!
There is a lethal amount of poison in your body!
You are too injured to fight recklessly!
There is a lethal amount of poison in your body!
You are too injured to fight recklessly!
You are too injured to fight recklessly!
There is a lethal amount of poison in your body!
You are too injured to fight recklessly!
There is a lethal amount of poison in your body!
You are too injured to fight recklessly!
There is a lethal amount of poison in your body!
You are too injured to fight recklessly!
There is a lethal amount of poison in your body!
You are too injured to fight recklessly!
There is a lethal amount of poison in your body!
You are too injured to fight recklessly!
There is a lethal amount of poison in your body!
* * * LOW HITPOINT WARNING * * *
You feel sick. The kobold barely misses you. 😱 HP[-1]
You take 1 damage, and now have 2/19 hp.
* * * LOW HITPOINT WARNING * * *
You feel sick. The kobold barely misses you. 😱 HP[-1]
You take 1 damage, and now have 1/19 hp.
You die...

Action                   || total
-------------------------++-------
Melee: Unarmed           ||    10
       Peck              ||     3
       Kick              ||     4
       Dagger            ||    12
 Cast: Sting             ||    24
  Use: Potion            ||     1
Armor: Robe              ||     2
Dodge: Dodged            ||    18

Levels and vault maps discovered:
D:1:      wheals_arrival_linesprint, layout_loops_ring,
          hellmonk_ecumenical_altar_leap_of_faith, st_stairs_7,
          minmay_pentomino_t4
D:2:      layout_loops_ring, serial_shops, nicolae_square_shop, basic_altar

Notes
Turn   | Place    | Note
-------+----------+-------------------------------------------
     0 | D:1      | Faeu the Tengu Venom Mage began the quest for the Orb.
     0 | D:1      | Reached XP level 1. HP: 10/10 MP: 4/4
     0 | D:1      | magus.rc [v1.9.6]
   359 | D:1      | Reached XP level 2. HP: 11/15 MP: 1/6
   921 | D:1      | Found a faded altar of an unknown god.
  1473 | D:2      | HP: 3/15 [poisoned by an adder]
  1474 | D:2      | Reached XP level 3. HP: 4/19 MP: 5/7
  1476 | D:2      | HP: 1/19 [poisoned by an adder]
  1477 | D:2      | Succumbed to an adder's poison

Vanquished Creatures
  An adder (D:2)
  2 endoplasms (D:1)
  3 goblins (D:1)
  A hobgoblin (D:1)
  4 kobolds (D:1)
  A quokka (D:1)
  4 frilled lizards (D:1)
  4 rats (D:1)
20 creatures vanquished.

Table legend:
 A = Non-vault XP
 B = Vault XP
 C = Vault XP percentage of total XP
 D = Non-vault monster count
 E = Vault monster count
 F = Vault count percentage of total count
                 A         B        C        D         E       F
            +---------+---------+-------+---------+---------+-------
      Total |      34 |       7 |  17.1 |      15 |       5 |  25.0
            +---------+---------+-------+---------+---------+-------
        D:1 |      21 |       7 |  25.0 |      14 |       5 |  26.3
        D:2 |      13 |       0 |   0.0 |       1 |       0 |   0.0
            +---------+---------+-------+---------+---------+-------

Illustrated notes

Table legend:
 A = Kills in this place as a percentage of kills in entire the game.
 B = Kills by you in this place as a percentage of kills by you in the entire game.
 C = Kills by friends in this place as a percentage of kills by friends in the entire game.
 D = Other kills in this place as a percentage of other kills in the entire game.
 E = Experience gained in this place as a percentage of experience gained in the entire game.
 F = Experience gained in this place divided by the number of levels of this place that you have seen.
                   A       B       C       D       E      F
               +-------+-------+-------+-------+-------+----------------------
         Total | 100.0 | 100.0 |   N/A |   N/A | 100.0 |  20.5
       Dungeon | 100.0 | 100.0 |   N/A |   N/A | 100.0 |  20.5
               +-------+-------+-------+-------+-------+----------------------

Table legend: (Time is in decaauts)
 A = Elapsed time spent in this place.
 B = Non-inter-level travel time spent in this place.
 C = Inter-level travel time spent in this place.
 D = Time resting spent in this place.
 E = Time spent auto-exploring this place.
 F = Levels seen in this place.
 G = Mean time per level.
                   A        B        C        D        E       F      G
               +--------+--------+--------+--------+--------+-----+--------+
         Total |   1476 |   1421 |     55 |    125 |   1120 |   2 |  738.0 |
       Dungeon |   1476 |   1421 |     55 |    125 |   1120 |   2 |  738.0 |
               +--------+--------+--------+--------+--------+-----+--------+

Top non-repeatable levels by time:
     D:1: 1439 daAuts
     D:2: 36 daAuts
